 Dungeon Crawl Stone Soup version 0.29.1-15-g9cfb28693d (webtiles) character file.

Game seed: 13345745939807349850

301 devnull the Spear-Bearer (level 6, -2/44 HPs)
             Began as a Merfolk Gladiator on Mar 8, 2023.
             Succumbed to Edmund's poison
             ... on level 4 of the Dungeon.
             The game lasted 00:05:34 (3033 turns).

devnull the Spear-Bearer (Merfolk Gladiator)        Turns: 3033, Time: 00:05:34

Health: -2/44      AC: 11    Str: 16    XL:     6   Next: 37%
Magic:  6/6        EV: 12    Int:  8    God:
Gold:   48         SH:  3    Dex: 15    Spells: 5/5 levels left

rFire   . . .      SeeInvis .   a - +0 trident
rCold   . . .      Faith    .   y - +0 buckler
rNeg    . . .      Spirit   .   b - +0 leather armour
rPois   .          Reflect  .   c - +0 helmet
rElec   .          Harm     .   A - +2 cloak
rCorr   .          Rampage  .   (no gloves)
Will    .....                   (no boots)
Stlth   +.........              (no amulet)
HPRegen 0.14/turn               q - +4 ring of protection
MPRegen 0.10/turn               (no ring)

@: mighty, lethally poisoned (-2 -> -17)
A: (nimble swimmer 2), mertail
a: no special abilities


You were on level 4 of the Dungeon.
You visited 1 branch of the dungeon, and saw 4 of its levels.

You collected 264 gold pieces.
You spent 216 gold pieces at shops.

Inventory:

Hand Weapons
 a - a +0 trident (weapon)
Missiles
 e - a javelin (quivered)
Armour
 b - a +0 leather armour (worn)
 c - a +0 helmet (worn)
 y - a +0 buckler (worn)
 A - a +2 cloak (worn)
Jewellery
 q - a +4 ring of protection (left hand)
Wands
 x - a wand of flame (14)
Scrolls
 f - a scroll of summoning {unknown}
 h - a scroll of enchant weapon
 j - 2 scrolls of butterflies
 p - a scroll of poison {unknown}
 r - 2 scrolls of fear
 s - a scroll of magic mapping {unknown}
 v - a scroll of teleportation
 w - a scroll of blinking {unknown}
Potions
 i - 3 potions of haste
 k - 2 potions of flight
 l - a potion of brilliance {unknown}
 m - a potion of magic {unknown}
 n - a potion of lignification {unknown}
 o - a potion of might
 t - a potion of attraction {unknown}
 u - a potion of degeneration {unknown}
 z - a potion of cancellation


   Skills:
 - Level 2.1 Fighting
 + Level 9.2 Polearms
 - Level 2.0 Throwing
 - Level 4.0 Dodging


You had 5 spell levels left.
You didn't know any spells.
Your spell library contained the following spells:

 Spells                   Type           Power      Damage    Failure   Level
 Sandblast                Erth           0%         2d4       58%         1
 Passwall                 Tmut/Erth      0%         N/A       73%         2
 Dazzling Flash           Conj/Hex       0%         N/A       91%         3
 Stone Arrow              Conj/Erth      0%         3d7       91%         3
 Iskenderun's Mystic Bla  Conj/Tloc      0%         2d3       100%        4
 Starburst                Conj/Fire      0%         6d3       100%        6


Dungeon Overview and Level Annotations

Branches:
Dungeon (4/15)
 Temple: D:4-7

Altars:
Uskayaw

Shops:
D:3 *

Annotations:
D:4 Edmund


Innate Abilities, Weirdness & Mutations

((You are very nimble when in or above water. (Stealth+, EV+, Speed+++)))
Your lower body shifts to a powerful aquatic tail in water.


Message History

You feel sick.
Edmund struggles against the net.
The net rips apart, and Edmund comes free!
You barely miss Edmund.
Edmund is severely wounded.
You block Edmund's attack.
You are too injured to fight recklessly!
Throw: throwing net
Press: ? - help, Q - select action, (/) - cycle Shift-Dir - straight line, f/p - Edmund
Aim: Edmund, wielding a +2 dire flail of venom and wearing a +0 chain mail (severely wounded, 68% to hit)
You throw a throwing net. The throwing net hits Edmund.
Edmund is caught in the net!
Edmund is severely wounded.
You feel sick.
Edmund struggles against the net.
You hit Edmund but do no damage.
Edmund is severely wounded.
You feel sick.
Edmund struggles against the net.
You hit Edmund.
Edmund is severely wounded.
You feel sick.
Edmund struggles against the net.
You completely miss Edmund.
Edmund is severely wounded.
You feel sick.
You are no longer poisoned.
You catch the helpless Edmund completely off-guard!
You puncture Edmund!
Edmund is almost dead.
Edmund struggles against the net.
You catch the helpless Edmund completely off-guard!
You hit Edmund but do no damage.
Edmund is almost dead.
Edmund struggles against the net.
The net rips apart, and Edmund comes free!
You hit Edmund but do no damage.
Edmund is almost dead.
Edmund hits you with a +2 dire flail of venom.
* * * LOW HITPOINT WARNING * * *
You are lethally poisoned!
It was a potion of might.
You feel very mighty all of a sudden.
You die...

###.# .## ....# . #
....## # .# .....### #.
#####.###
.......#####.###....(.((
...........#...#........
...........###..........
.................@......
...........####.@.......
...........# ##........
.........<.# #........
.....####### #........
.....# #.$...... .....#
#........ .....#
######.## ....## ..
...##


You could see Edmund.

Vanquished Creatures
  A black bear (D:3)
  A scorpion (D:4)
  6 adders
  2 worms (D:2)
  4 dart slugs
  5 ball pythons
  6 bats
  9 endoplasms
  A giant cockroach (D:1)
  8 hobgoblins
  2 jackals (D:3)
  10 kobolds
  5 quokkas
  5 frilled lizards
  10 goblins
  6 rats
81 creatures vanquished.

Notes
Turn   | Place    | Note
-------+----------+-------------------------------------------
     0 | D:1      | devnull the Merfolk Gladiator began the quest for the Orb.
     0 | D:1      | Reached XP level 1. HP: 16/16 MP: 1/1
   139 | D:1      | Found a faded altar of an unknown god.
   408 | D:1      | Reached XP level 2. HP: 22/22 MP: 2/2
   498 | D:1      | Reached skill level 5 in Polearms
   899 | D:1      | Reached XP level 3. HP: 27/27 MP: 3/3
  1391 | D:2      | Reached skill level 6 in Polearms
  1427 | D:2      | Reached XP level 4. HP: 30/33 MP: 4/4
  1826 | D:2      | Reached skill level 7 in Polearms
  1987 | D:3      | Found Onod's General Store.
  2021 | D:3      | Bought a potion of flight for 36 gold pieces
  2021 | D:3      | Bought a scroll of fear for 48 gold pieces
  2021 | D:3      | Bought a scroll of teleportation for 36 gold pieces
  2046 | D:3      | Reached XP level 5. HP: 37/38 MP: 5/5
  2493 | D:3      | Found a hide-covered altar of Uskayaw.
  2590 | D:3      | Bought a potion of cancellation for 96 gold pieces
  2633 | D:4      | Noticed a black bear
  2651 | D:3      | Killed a black bear
  2652 | D:3      | Reached skill level 8 in Polearms
  2652 | D:3      | Reached XP level 6. HP: 40/44 MP: 6/6
  2688 | D:4      | Reached skill level 9 in Polearms
  3010 | D:4      | Noticed Edmund
  3032 | D:4      | HP: 2/44 [Edmund/+2 dire flail of venom (6)]
  3033 | D:4      | Succumbed to Edmund's poison

Illustrated notes

Levels and vault maps discovered:
D:1:      wander_arrival_desolate, layout_basic,
          shapermc_ecumenical_altar_mp_ritualfount
D:2:      layout_rooms, minmay_divided_ellipse
D:3:      layout_loops_cross, nicolae_uskayaw_murder_on_the_dancefloor,
          serial_shops, nicolae_shop_hallway_plus, minmay_misc_feat_columns
D:4:      layout_rooms, mainiacjoe_overflow_brackets, corner_web_ring,
          uniq_edmund, uniq_crazy_yiuf_cottage

Skill      XL: |  1  2  3  4  5  6 |
---------------+-------------------+-----
Polearms       | 5 6 7 8 9 |  9.2
Fighting       | |  2.1
Throwing       | |  2.0
Dodging        | |  4.0

Action                   |  1- 3 |  4- 6 || total
-------------------------+-------+-------++-------
Melee: Trident           |   126 |   180 ||   306
       Punch             |       |     1 ||     1
Throw: Javelin           |       |     7 ||     7
       Throwing net      |       |     3 ||     3
  Use: Scroll            |       |     3 ||     3
       Potion            |       |     1 ||     1
 Stab: Sleeping          |     1 |       ||     1
       Held in net/web   |       |     3 ||     3
Armor: Leather armour    |    20 |    53 ||    73
Dodge: Dodged            |    56 |   108 ||   164
Block: Buckler           |       |     5 ||     5
